 Dungeon Crawl Stone Soup version bcrawl-1.12.1 (webtiles) character file.

Game seed: 6463396296908441521

17665 Morbidden the Warrior (level 12, -8/119 HPs)
             Began as a Minotaur Archaeologist on July 12, 2019.
             Was an Elder of Okawaru.
             Mangled by a freezing wraith (21 damage)
             ... in an ice cave.
             The game lasted 00:31:23 (13528 turns).

Morbidden the Warrior (Minotaur Archaeologist)     Turns: 13528, Time: 00:31:23

Health: -8/119     AC: 22    Str: 19 (21) XL:     12   Next: 20%
Magic:  15/15      EV:  9    Int: 10 (11) God:    Okawaru [****..]
Gold:   672        SH:  3    Dex:  9      Spells: 11/11 levels left

rFire    . . .     SeeInvis +   h - +3 short sword (elec)
rCold    . . .     Gourm    .   (no shield)
rNeg     . . .     Faith    .   M - +0 plate armour
rPois    .         Spirit   .   f - +0 mask of the Dragon {MR+ Slay+3 SInv}
rElec    +         Reflect  +   p - +0 cloak
rCorr    .         Harm     .   o - +0 pair of gloves
MR       +....                  d - +2 pair of boots
Stlth    ..........             t - +3 amulet of reflection
HPRegen  0.29/turn              B - ring of insulation
MPRegen  0.14/turn              O - ring of wizardry

@: slowed, very slow
A: retaliatory headbutt, horns 2
a: Heroism, Renounce Religion


You were in an ice cave.
You worshipped Okawaru.
Okawaru was greatly pleased with you.
You were not hungry.

You visited 3 branches of the dungeon, and saw 13 of its levels.
You also visited: Ice Cave.

You collected 876 gold pieces.
You spent 204 gold pieces at shops.

Inventory:

Hand Weapons
 h - a +3 short sword of electrocution (weapon)
Missiles
 l - 176 tomahawks (quivered)
 v - a throwing net {!f}
 H - 112 javelins of penetration
 L - 122 javelins
Armour
 d - a +2 pair of boots (worn)
 f - the +0 mask of the Dragon (worn) {MR+ Slay+3 SInv}

   It affects your accuracy and damage with ranged weapons and melee attacks
   (+3).
   It affects your resistance to hostile enchantments.
   It lets you see invisible.
 o - a +0 pair of gloves (worn)
 p - a +0 cloak (worn)
 M - a +0 plate armour (worn)
Jewellery
 t - a +3 amulet of reflection (around neck)
 y - an uncursed ring of protection from fire
 B - a ring of insulation (left hand)
 O - a ring of wizardry (right hand)
Wands
 i - a wand of polymorph (10)
 D - a wand of iceblast (19)
 J - a wand of clouds (4)
Scrolls
 a - 4 scrolls of enchant weapon
 c - 2 scrolls of amnesia
 e - 2 scrolls of immolation
 j - 8 scrolls of identify
 m - 16 scrolls of remove curse
 u - a scroll of fog {unknown}
 z - 2 scrolls of blinking
 E - a scroll of noise
 K - a scroll of vulnerability {unknown}
Potions
 b - a potion of curing
 k - a potion of magic
 n - a potion of invisibility
 r - 3 potions of haste
 s - 3 potions of flight
 w - a potion of degeneration
 x - a potion of might
 C - a potion of cancellation {unknown}
 I - 2 potions of agility
Miscellaneous
 N - a lightning rod (inert)
Comestibles
 g - 20 rations {!d}
 q - 3 chunks of flesh


   Skills:
 * Level 15.1 Fighting
 * Level 5.4 Short Blades
   Level 2.0 Maces & Flails
 + Level 0.2 Throwing
 + Level 13.3 Armour
 + Level 6.8 Dodging
 + Level 5.1 Stealth
 * Level 6.3 Invocations
 + Level 0.9 Evocations


You had 11 spell levels left.
You didn't know any spells.
Your spell library contained the following spells:

 Spells                   Type           Power        Failure   Level  Hunger
 Apportation              Tloc           #.....       89%         1    ##.....
 Freeze                   Ice            #.....       89%         1    ##.....
 Infusion                 Chrm           #.......     89%         1    ##.....
 Sandblast                Erth           #.....       89%         1    ##.....
 Slow                     Hex            #.......     89%         1    ##.....
 Summon Butterflies       Summ           #.......     89%         1    ##.....
 Throw Frost              Conj/Ice       #.....       96%         2    ###....
 Ozocubu's Armour         Chrm/Ice       #.......     99%         3    ####...
 Summon Ice Beast         Ice/Summ       #.......     100%        4    #####..
 Throw Icicle             Conj/Ice       #.......     100%        4    #####..


Dungeon Overview and Level Annotations

Branches:
Dungeon (10/12)            Temple (1/1) D:6            Lair (2/6) D:7
 Spider (0/3) Lair:2          Orc (0/1) D:10
  Swamp: Lair:2-4    Shoals: Lair:2-4

Altars:
Ashenzari
Cheibriados
Dithmenos
Elyvilon
Fedhas
Gozag
Hepliaklqana
Kikubaaqudgha
Lugonu
Makhleb
Nemelex Xobeh
Okawaru
Qazlal
Ru
Sif Muna
Trog
Uskayaw
Vehumet
Wu Jian
Xom
Yredelemnul
Zin
The Shining One

Shops:
D:3 *   D:4 =   D:5 }   D:7 =   D:8 *   D:10 ?:*[:

Annotations:
D:6 3 runed translucent doors, BorisKarlOrff's ghost, novice MiCK; grocchini's ghost, novice DsAc
Lair:1 exclusion: oklob plant IceCv exclusion: ice statue


Innate Abilities, Weirdness & Mutations

You reflexively headbutt those who attack you in melee.
You have a pair of horns on your head.


Message History

The freezing wraith hits you but does no damage.
The freezing wraith barely misses you. The freezing wraith hits you.
The freezing wraith freezes you!!
The freezing wraith hits you but does no damage.
You closely miss the freezing wraith. The freezing wraith hits you.
* * * LOW HITPOINT WARNING * * *
The freezing wraith freezes you!
* * * LOW HITPOINT WARNING * * *
The freezing wraith closely misses you.
Unknown command.
The freezing wraith hits you but does no damage. x2
The freezing wraith hits you but does no damage.
The freezing wraith hits you.
* * * LOW HITPOINT WARNING * * *
The freezing wraith drains your vigour!
You feel as though you will be slow longer.
The freezing wraith hits you.
* * * LOW HITPOINT WARNING * * *
The freezing wraith freezes you!!
You die...

....#
#.ZY#..#####Z.Z.#####^...
∩...# ##..#### ###.##
#.^..^ ...## ###..## ###
#....8. ..## ###...###
#....... ..#
##.......#### #...####
.## #.........[.# ...#
.## #.........[.# ##..
..## #.........########
...# ##.......@## ##...##
#..#
##..###....W###.....##
..##
#..########..#..###..#
.## ##...### ##...##....#
.#### ##....###
##.##...### ..#.##
###....## #####.. .....##
###...### ##. ......##
###.|.### ## .......####
###...##


You could see a freezing wraith.

Vanquished Creatures
  A hydra (Lair:1)
  A two-headed ogre (D:8)
  A centaur warrior (D:10)
  Pikel (D:7)
  A wolf spider (D:10)
  3 elephants (Lair:2)
  Joseph (D:8)
  A black mamba (Lair:1)
  4 cane toads
  A centaur skeleton (D:6)
  9 freezing wraiths (IceCv)
  2 trolls (D:9)
  A hornet (D:8)
  Grinder (D:3)
  3 hippogriffs
  9 yaks
  A death yak simulacrum (IceCv)
  A hungry ghost (D:10)
  3 wargs (D:10)
  A porcupine (Lair:1)
  2 water moccasins
  A sky beast (D:5)
  2 slaves (D:7)
  7 ice beasts
  3 phantoms
  An alligator simulacrum (IceCv)
  3 orc warriors
  2 necrophages
  2 ogres
  An eye of draining (D:9)
  5 wolves (Lair:1)
  4 centaurs
  3 crocodiles
  3 big kobolds
  6 bullfrogs
  4 scorpions
  An elephant simulacrum (IceCv)
  4 killer bees (D:8)
  5 howler monkeys
  2 crimson imps
  4 draconian simulacra (IceCv)
  A jelly (D:5)
  9 orc priests
  A gnoll shaman (D:4)
  An iguana (D:10)
  15 orc wizards
  A troll simulacrum (IceCv)
  A polar bear simulacrum (IceCv)
  9 worker ants
  2 spriggan simulacra (IceCv)
  A killer bee zombie (D:5)
  2 centaur simulacra (IceCv)
  2 hound skeletons
  3 worker ant zombies
  13 gnolls
  7 adders
  A howler monkey skeleton (D:7)
  A naga simulacrum (IceCv)
  2 ogre simulacra (IceCv)
  2 shadow imps (D:7)
  22 white imps
  2 oozes
  An adder zombie (D:5)
  3 worms (D:2)
  A dart slug (D:3)
  5 leopard geckos
  48 orcs
  2 ball pythons
  5 bats
  A giant cockroach (D:2)
  9 goblins
  19 hobgoblins
  6 jackals
  19 kobolds
  5 quokkas
  A frilled lizard (D:2)
  7 rats
  2 plants (D:3)
343 creatures vanquished.

Vanquished Creatures (others)
  A necromancer (IceCv)
  A fungus (Lair:2)
  3 withered plants (D:6)
5 creatures vanquished.

Grand Total: 348 creatures vanquished

Notes
Turn   | Place    | Note
-------+----------+-------------------------------------------
     0 | D:1      | Morbidden the Minotaur Archaeologist began the quest for
                  | the Orb.
     0 | D:1      | Reached XP level 1. HP: 16/16 MP: 0/0
   166 | D:1      | Reached XP level 2. HP: 20/23 MP: 1/1
   670 | D:2      | Reached XP level 3. HP: 18/29 MP: 2/2
   845 | D:2      | Reached skill level 2 in Fighting
  1423 | D:3      | Reached skill level 3 in Fighting
  1616 | D:3      | Found Zin's Purification Station.
  1616 | D:3      | Found a glowing silver altar of Zin.
  1648 | D:3      | Noticed a centaur
  1655 | D:3      | Killed a centaur
  1655 | D:3      | Reached skill level 4 in Fighting
  1655 | D:3      | Reached skill level 1 in Armour
  1655 | D:3      | Reached XP level 4. HP: 18/41 MP: 3/3
  1658 | D:3      | Reached XP level 5. HP: 20/47 MP: 4/4
  1853 | D:3      | Noticed Grinder
  1856 | D:3      | Paralysed by Grinder for 3 turns
  1864 | D:3      | Paralysed by Grinder for 4 turns
  1868 | D:3      | Killed Grinder
  1868 | D:3      | Reached skill level 6 in Fighting
  1868 | D:3      | Reached XP level 6. HP: 45/58 MP: 5/5
  2671 | D:4      | Found Ziwuuwn's Jewellery Shoppe.
  2673 | D:4      | Bought a +3 amulet of reflection for 204 gold pieces
  2722 | D:4      | Found a shimmering altar of Xom.
  2761 | D:4      | Reached skill level 7 in Fighting
  2762 | D:4      | Found a blossoming altar of Fedhas.
  2940 | D:4      | Reached XP level 7. HP: 65/67 MP: 6/6
  3421 | D:4      | Found a shimmering altar of Xom.
  3422 | D:4      | Found a shimmering altar of Xom.
  3646 | D:5      | Entered Level 5 of the Dungeon
  3698 | D:5      | Reached skill level 8 in Fighting
  3782 | D:5      | Found Koihuaha's Gadget Shoppe.
  3919 | D:5      | Reached skill level 5 in Armour
  4045 | D:5      | Found a sparkling altar of Nemelex Xobeh.
  4326 | D:6      | Reached skill level 9 in Fighting
  4326 | D:6      | Reached skill level 5 in Dodging
  4326 | D:6      | Reached XP level 8. HP: 64/78 MP: 7/7
  4332 | D:6      | Found a sacrificial altar of Ru.
  4354 | D:6      | Noticed a hippogriff
  4365 | D:6      | Killed a hippogriff
  4481 | D:6      | Reached skill level 10 in Fighting
  4538 | D:6      | Found a staircase to the Ecumenical Temple.
  4549 | Temple   | Entered the Ecumenical Temple
  5362 | D:5      | Reached XP level 9. HP: 59/86 MP: 8/8
  5679 | D:6      | Found a runed translucent gate.
  5680 | D:6      | Noticed BorisKarlOrff's ghost (novice MiCK)
  5681 | D:6      | Found a runed translucent gate.
  5681 | D:6      | Found a runed translucent gate.
  5681 | D:6      | Noticed grocchini's ghost (novice DsAc)
  5908 | D:7      | Found a staircase to the Lair.
  5996 | D:7      | Found Bura's Jewellery Shop.
  6021 | D:7      | Reached skill level 11 in Fighting
  6360 | D:7      | Noticed Pikel
  6373 | D:7      | Killed Pikel
  6767 | D:7      | Reached skill level 12 in Fighting
  6791 | D:7      | Found an iron altar of Okawaru.
  6795 | D:7      | Found a shattered altar of Ashenzari.
  6799 | D:7      | Found a basalt altar of Yredelemnul.
  6809 | D:7      | Became a worshipper of Warmaster Okawaru
  6848 | D:7      | Found a corrupted altar of Lugonu.
  7054 | D:8      | Noticed a two-headed ogre
  7083 | D:8      | Killed a two-headed ogre
  7083 | D:8      | Reached * piety under Okawaru
  7083 | D:8      | Reached skill level 10 in Armour
  7083 | D:8      | Reached skill level 5 in Stealth
  7088 | D:8      | Reached XP level 10. HP: 41/99 MP: 9/9
  7372 | D:8      | Noticed Joseph
  7391 | D:8      | Killed Joseph
  7406 | D:8      | Found a hazy altar of Hepliaklqana.
  7510 | D:8      | Found Vuloazuq's Assorted Antiques.
  7855 | D:8      | Reached skill level 13 in Fighting
  8161 | D:8      | Reached skill level 1 in Invocations
  8170 | D:8      | Reached ** piety under Okawaru
  8799 | D:9      | Found a white marble altar of Elyvilon.
  8927 | D:10     | Entered Level 10 of the Dungeon
  8927 | D:10     | Noticed a wolf spider
  8933 | D:10     | Killed a wolf spider
  8969 | D:9      | Reached *** piety under Okawaru
  9288 | D:10     | Found Jaboupemm's Book Boutique.
  9290 | D:10     | Noticed a centaur warrior
  9299 | D:10     | Killed a centaur warrior
  9299 | D:10     | Reached XP level 11. HP: 87/108 MP: 9/12
  9459 | D:10     | Found Qaseiwka's Antique Armour Shop.
  9462 | D:10     | Found Rafotus's General Store.
  9491 | D:10     | Found a staircase to the Orcish Mines.
  9509 | D:10     | Reached skill level 14 in Fighting
  9545 | D:10     | Found Duonufom's Magic Scroll Shop.
  9696 | D:10     | Reached skill level 1 in Short Blades
  9704 | D:10     | Reached **** piety under Okawaru
 10111 | D:10     | Found Womah's Book Boutique.
 10143 | D:10     | Noticed a seven-headed hydra
 10275 | Lair:1   | Entered Level 1 of the Lair of Beasts
 10275 | Lair:1   | Found a stormy altar of Qazlal.
 10275 | Lair:1   | Noticed an oklob plant
 10839 | Lair:1   | Noticed a four-headed hydra
 10852 | Lair:1   | Killed a four-headed hydra
 10884 | Lair:1   | Reached ***** piety under Okawaru
 11279 | Lair:2   | Reached skill level 5 in Invocations
 11306 | Lair:2   | Found a frozen archway.
 11417 | Lair:2   | Reached skill level 5 in Short Blades
 11433 | IceCv    | Entered an ice cave
 11448 | IceCv    | Received a gift from Okawaru
 11941 | IceCv    | Reached XP level 12. HP: 106/118 MP: 8/15
 12668 | IceCv    | Reached skill level 15 in Fighting
 13528 | IceCv    | Mangled by a freezing wraith

Skill      XL: |  1  2  3  4  5  6  7  8  9 10 11 12 |
---------------+-------------------------------------+-----
Stealth        | 3 4 5 |  5.1
Fighting       | 4 6 7 9 10 12 13 14 15 | 15.1
Maces & Flails | 2 |  2.0
Armour         | 1 2 3 6 8 10 11 13 | 13.3
Dodging        | 4 5 6 |  6.8
Invocations    | 3 5 6 |  6.3
Short Blades   | 5 |  5.4
Throwing       | |  0.2
Evocations     | |  0.9

Action                   |  1- 3 |  4- 6 |  7- 9 | 10-12 || total
-------------------------+-------+-------+-------+-------++-------
Melee: Whip              |    90 |       |       |       ||    90
       Headbutt          |    14 |    26 |    46 |   103 ||   189
       Short sword       |    28 |   100 |   285 |   557 ||   970
       Punch             |       |       |       |     7 ||     7
Throw: Tomahawk          |       |       |       |     2 ||     2
Invok: Heroism           |       |       |       |    21 ||    21
       Finesse           |       |       |       |     3 ||     3
Evoke: Lightning rod     |       |       |       |     4 ||     4
       Wand              |       |       |       |     2 ||     2
  Use: Potion            |     2 |       |     3 |     6 ||    11
       Scroll            |       |     2 |     3 |    10 ||    15
 Stab: Sleeping          |     3 |       |       |       ||     3
       Invisible         |       |       |     4 |       ||     4
  Eat: Chunk             |     2 |     5 |     9 |    16 ||    32
       Ration            |       |       |     1 |     2 ||     3
Armor: Robe              |    11 |       |       |       ||    11
       Chain mail        |    33 |    36 |   158 |    98 ||   325
       Plate armour      |       |       |       |   257 ||   257
Dodge: Dodged            |    59 |    43 |   138 |   271 ||   511
Block: Other             |       |     3 |    38 |    56 ||    97
       Reflection        |       |       |     3 |     1 ||     4
